 Dungeon Crawl Stone Soup version 0.26-a0-572-g753d7e3450 (webtiles) character file.

Game seed: 7912761132371487061

1851 ReteAZ the Grave Robber (level 9, -3/65 HPs)
             Began as a Gnoll Necromancer on Aug 21, 2020.
             Was a Follower of Cheibriados.
             Shot with an arrow by a centaur (10 damage)
             ... on level 11 of the Dungeon.
             The game lasted 00:10:56 (8560 turns).

ReteAZ the Grave Robber (Gnoll Necromancer)         Turns: 8560, Time: 00:10:57

Health: -3/65      AC:  3    Str: 13    XL:     9   Next: 12%
Magic:  18/18      EV: 16    Int: 22    God:    Cheibriados [*.....]
Gold:   581        SH:  5    Dex: 18    Spells: 12/20 levels left

rFire    + . .     SeeInvis +   i - +5 quarterstaff (freeze)
rCold    . . .     Faith    .   (shield currently unavailable)
rNeg     . . .     Spirit   .   a - +0 robe
rPois    .         Reflect  +   x - +1 hat
rElec    .         Harm     .   (no cloak)
rCorr    .                      (no gloves)
MR       .....                  (no boots)
Stlth    +++.......             m - amulet of reflection
HPRegen  0.20/turn              q - ring of protection from fire
MPRegen  0.16/turn              b - ring of see invisible

@: very slow
A: distributed training, fangs 1, strong nose
a: Bend Time, Renounce Religion


You were on level 11 of the Dungeon.
You worshipped Cheibriados.
Cheibriados was aware of your devotion.
You visited 2 branches of the dungeon, and saw 11 of its levels.

You collected 581 gold pieces.

Inventory:

Hand Weapons
 i - a +5 quarterstaff of freezing (weapon)
 F - a +0 vorpal broad axe
Missiles
 u - 4 silver boomerangs
 y - 26 poisoned darts (quivered)
Armour
 a - a +0 robe (worn)
 x - a +1 hat (worn)
Jewellery
 b - a ring of see invisible (right hand)
 m - an amulet of reflection (around neck)
 q - a ring of protection from fire (left hand)
 r - a -4 ring of strength
 z - an uncursed ring of fire
Wands
 D - a wand of acid (13)
Scrolls
 d - 6 scrolls of identify
 k - a scroll of amnesia
 l - 2 scrolls of enchant weapon
 n - 2 scrolls of random uselessness
 p - 2 scrolls of remove curse
 s - a scroll of immolation
 B - a scroll of brand weapon
Potions
 c - a potion of brilliance {unknown}
 e - a potion of heal wounds
 f - 5 potions of invisibility {unknown}
 g - 7 potions of curing {unknown}
 h - 2 potions of stabbing {unknown}
 j - a potion of flight {unknown}
 t - 2 potions of mutation {unknown}
 v - a potion of cancellation {unknown}
 w - a potion of lignification {unknown}
 A - a potion of berserk rage {unknown}


   Skills:
 + Level 3.9 Fighting
 + Level 3.9 Short Blades
 + Level 3.9 Long Blades
 + Level 3.9 Axes
 + Level 3.9 Maces & Flails
 + Level 3.9 Polearms
 + Level 3.9 Staves
 + Level 3.9 Slings
 + Level 3.9 Bows
 + Level 3.9 Crossbows
 + Level 3.9 Throwing
 + Level 3.9 Armour
 + Level 6.1 Dodging
 + Level 5.8 Stealth
 + Level 3.9 Shields
 + Level 3.9 Unarmed Combat
 + Level 6.4 Spellcasting
 + Level 3.2 Conjurations
 + Level 3.2 Hexes
 + Level 3.2 Summonings
 + Level 7.9 Necromancy
 + Level 3.2 Translocations
 + Level 3.2 Transmutations
 + Level 3.2 Fire Magic
 + Level 3.2 Ice Magic
 + Level 3.2 Air Magic
 + Level 3.2 Earth Magic
 + Level 3.2 Poison Magic
 + Level 4.3 Invocations
 + Level 3.9 Evocations


You had 12 spell levels left.
You knew the following spells:

 Your Spells              Type           Power        Failure   Level
a - Pain                  Necr           ####         1%          1
b - Vampiric Draining     Necr           #####.....   1%          3
c - Animate Dead          Necr           #####.....   3%          4

Your spell library contained the following spells:

 Spells                   Type           Power        Failure   Level
 Animate Skeleton         Necr           #####.       1%          1
 Corona                   Hex            ###....      2%          1
 Foxfire                  Conj/Fire      ###.         2%          1
 Ensorcelled Hibernation  Hex/Ice        ###...       3%          2
 Confusing Touch          Hex            ###.....     7%          3
 Conjure Flame            Conj/Fire      ###.....     7%          3
 Dazzling Flash           Conj/Hex       ###...       7%          3
 Inner Flame              Hex/Fire       ###.....     7%          3
 Tukima's Dance           Hex            ###.....     7%          3
 Agony                    Necr           #####...     10%         5
 Sticky Flame             Conj/Fire      ###.....     22%         4
 Fireball                 Conj/Fire      ###.......   54%         5


Dungeon Overview and Level Annotations

Branches:
Dungeon (12/15)            Temple (1/1) D:6             Orc (0/2) D:12
   Lair: D:8-11

Altars:
Ashenzari
Cheibriados
Dithmenos
Elyvilon
Fedhas
Gozag
Hepliaklqana
Kikubaaqudgha
Makhleb
Nemelex Xobeh
Okawaru
Qazlal
Ru
Sif Muna
Trog
Vehumet
Wu Jian
Xom
Yredelemnul
Zin
The Shining One

Annotations:
D:4 1 runed translucent door, rtg's ghost, amateur HuFi
D:11 Snorg


Innate Abilities, Weirdness & Mutations

Your experience applies equally to all skills.
You have very sharp teeth.
Your uncanny sense of smell can sniff out nearby items.


Message History

The orc wizard points at you and mumbles some strange words.
The puff of frost hits you!
* * * LOW HITPOINT WARNING * * *
The orc hits you but does no damage.
The orc wizard gestures wildly while chanting.
The orc wizard seems to speed up.
The orc hits you with a +0 dagger.
* * * LOW HITPOINT WARNING * * *
An orc comes into view.
It is wielding a +0 falchion of flaming.
The orc moves out of view.
Press: ? - help, Dir - move target cursor
As you read the scroll of blinking, it crumbles to dust.
Snorg the Insatiable comes into view.
Snorg shouts!
You hear a shout!
A centaur comes into view.
The centaur moves out of view.
The centaur wields a +0 shortbow.
The centaur shoots an arrow.
You reflect the arrow off an invisible shield around you!
The arrow closely misses the centaur.
The centaur shoots an arrow.
The arrow hits you!
You die...

...............
.......#.....#
......##.... .#
......#...# ...
##....#....####### ....
#.....#......#..§# .....
#......o.§ooo.§.§
......##............#§§§
.......@...........###§§
..........#........§§§§§
.......##...........§§..
#...... #..)......o.....
...T... ##..............
......) .....c.........
....... ..............
....... .#.........##


You could see Snorg, a centaur and an orc wizard (fast).

Vanquished Creatures
  Psyche (D:7)
  A sky beast (D:5)
  An ice beast (D:6)
  A necrophage (D:7)
  An ogre (D:7)
  A centaur (D:5)
  2 bullfrogs
  A water moccasin zombie (D:7)
  3 scorpions
  2 howler monkeys
  A centaur zombie (D:5)
  5 hounds
  4 orc wizards
  3 iguanas
  4 worker ants
  A worker ant zombie (D:6)
  11 adders
  A howler monkey skeleton (D:4)
  A shadow imp (D:7)
  3 white imps
  2 adder zombies
  A worm (D:3)
  2 dart slugs
  3 leopard geckos
  14 orcs
  A ball python (D:2)
  7 bats
  A giant cockroach (D:4)
  5 goblins
  11 hobgoblins
  9 jackals
  3 quokkas
  5 frilled lizards
  9 kobolds
  A leopard gecko zombie (D:6)
  A quokka skeleton (D:4)
  5 rats
128 creatures vanquished.

Vanquished Creatures (others)
  2 withered plants (D:4)
2 creatures vanquished.

Grand Total: 130 creatures vanquished

Notes
Turn   | Place    | Note
-------+----------+-------------------------------------------
     0 | D:1      | ReteAZ the Gnoll Necromancer began the quest for the Orb.
     0 | D:1      | Reached XP level 1. HP: 13/13 MP: 6/6
   474 | D:1      | Found a sparkling altar of Nemelex Xobeh.
   497 | D:1      | Reached XP level 2. HP: 17/19 MP: 4/7
  1406 | D:1      | Reached XP level 3. HP: 14/25 MP: 6/9
  1412 | D:1      | Reached skill level 5 in Spellcasting
  1581 | D:1      | Learned a level 3 spell: Vampiric Draining
  1728 | D:2      | Reached skill level 1 in Invocations
  1857 | D:2      | Reached skill level 1 in Fighting
  1857 | D:2      | Reached skill level 1 in Short Blades
  1857 | D:2      | Reached skill level 1 in Long Blades
  1857 | D:2      | Reached skill level 1 in Axes
  1857 | D:2      | Reached skill level 1 in Maces & Flails
  1857 | D:2      | Reached skill level 1 in Polearms
  1857 | D:2      | Reached skill level 1 in Staves
  1857 | D:2      | Reached skill level 1 in Slings
  1857 | D:2      | Reached skill level 1 in Bows
  1857 | D:2      | Reached skill level 1 in Crossbows
  1857 | D:2      | Reached skill level 1 in Throwing
  1857 | D:2      | Reached skill level 1 in Armour
  1857 | D:2      | Reached skill level 1 in Shields
  1857 | D:2      | Reached skill level 1 in Unarmed Combat
  1857 | D:2      | Reached skill level 1 in Evocations
  1857 | D:2      | Reached XP level 4. HP: 30/32 MP: 7/11
  2269 | D:3      | Reached skill level 1 in Conjurations
  2269 | D:3      | Reached skill level 1 in Hexes
  2269 | D:3      | Reached skill level 1 in Summonings
  2269 | D:3      | Reached skill level 1 in Translocations
  2269 | D:3      | Reached skill level 1 in Transmutations
  2269 | D:3      | Reached skill level 1 in Fire Magic
  2269 | D:3      | Reached skill level 1 in Ice Magic
  2269 | D:3      | Reached skill level 1 in Air Magic
  2269 | D:3      | Reached skill level 1 in Earth Magic
  2269 | D:3      | Reached skill level 1 in Poison Magic
  2495 | D:3      | Reached XP level 5. HP: 37/37 MP: 10/12
  2927 | D:3      | Found a glowing golden altar of the Shining One.
  2927 | D:3      | Found a sacrificial altar of Ru.
  2927 | D:3      | Found a shadowy altar of Dithmenos.
  2927 | D:3      | Found a shimmering blue altar of Sif Muna.
  2957 | D:3      | Found an ornate altar of the Wu Jian Council.
  2957 | D:3      | Found a hazy altar of Hepliaklqana.
  3483 | D:3      | Found a faded altar of an unknown god.
  3747 | D:4      | Reached XP level 6. HP: 24/44 MP: 5/13
  3974 | D:4      | Reached skill level 5 in Dodging
  4085 | D:4      | Noticed rtg's ghost (amateur HuFi)
  4086 | D:4      | Found a runed translucent door.
  4132 | D:4      | Found an ancient bone altar of Kikubaaqudgha.
  4132 | D:4      | Found a basalt altar of Yredelemnul.
  4133 | D:4      | Found a radiant altar of Vehumet.
  4270 | D:4      | Found an opulent altar of Gozag.
  4386 | D:5      | Entered Level 5 of the Dungeon
  4489 | D:5      | Reached XP level 7. HP: 22/50 MP: 12/15
  4953 | D:5      | Learned a level 4 spell: Animate Dead
  5182 | D:5      | Reached skill level 5 in Stealth
  5505 | D:5      | Got an opalescent robe
  5516 | D:5      | Identified the +0 robe of Pyfrue {Harm rElec Str+4 Slay-6}
                  | (You found it on level 5 of the Dungeon)
  6186 | D:6      | Reached XP level 8. HP: 52/57 MP: 9/16
  6282 | D:6      | Found a staircase to the Ecumenical Temple.
  6424 | Temple   | Entered the Ecumenical Temple
  6463 | Temple   | Became a worshipper of Cheibriados the Contemplative
  7914 | D:8      | Noticed Psyche
  8003 | D:7      | Killed Psyche
  8003 | D:7      | Reached XP level 9. HP: 34/65 MP: 4/18
  8231 | D:8      | You fall into a shaft and drop 3 floors!
  8237 | D:11     | Reached * piety under Cheibriados
  8517 | D:12     | Found a staircase to the Orcish Mines.
  8545 | D:11     | Noticed a troll
  8559 | D:11     | Noticed Snorg
  8560 | D:11     | Shot with an arrow by a centaur

Illustrated notes

Levels and vault maps discovered:
D:1:      dpeg_arrival_round_c, layout_basic, nemelex_altar_shiori
D:2:      layout_rooms, minmay_pentomino_v2
D:3:      layout_loops_ring, minmay_overflow_temple_hex,
          chequers_ecumenical_altar_island, minivault_19
D:4:      layout_basic, gammafunk_temple_overflow_claw, gammafunk_ghost_grave,
          nicolae_gozag_seed_capital
D:5:      layout_loops_cross
D:6:      layout_basic, minmay_temple_entry_grid
D:7:      layout_loops_corners, hangedman_abyss_or_decor_jellyfish_corner,
          hangedman_decor_riveting, chequers_arboretum, kennysheep_another_room
D:8:      layout_cave_pools, kennysheep_little_box, david_lair_shrubbed,
          serial_shops, nicolae_shop_temple_entry_statues_fountains,
          uniq_psyche, uniq_harold
D:11:     layout_cave_pools, uniq_snorg, uniq_fannar
D:12:     layout_roguey, david_orc_3
Temple:   minmay_temple_bridge_abc

Skill      XL: |  1  2  3  4  5  6  7  8 |
---------------+-------------------------+-----
Spellcasting   | 5 6 |  6.4
Invocations    | 1 2 3 4 |  4.3
Fighting       | 1 2 3 |  3.9
Short Blades   | 1 2 3 |  3.9
Long Blades    | 1 2 3 |  3.9
Axes           | 1 2 3 |  3.9
Maces & Flails | 1 2 3 |  3.9
Polearms       | 1 2 3 |  3.9
Staves         | 1 2 3 |  3.9
Slings         | 1 2 3 |  3.9
Bows           | 1 2 3 |  3.9
Crossbows      | 1 2 3 |  3.9
Throwing       | 1 2 3 |  3.9
Armour         | 1 2 3 |  3.9
Shields        | 1 2 3 |  3.9
Unarmed Combat | 1 2 3 |  3.9
Evocations     | 1 2 3 |  3.9
Conjurations   | 1 2 3 |  3.2
Hexes          | 1 2 3 |  3.2
Summonings     | 1 2 3 |  3.2
Translocations | 1 2 3 |  3.2
Transmutations | 1 2 3 |  3.2
Fire Magic     | 1 2 3 |  3.2
Ice Magic      | 1 2 3 |  3.2
Air Magic      | 1 2 3 |  3.2
Earth Magic    | 1 2 3 |  3.2
Poison Magic   | 1 2 3 |  3.2
Dodging        | 5 6 |  6.1
Stealth        | 5 |  5.8
Necromancy     | |  7.9

Action                   |  1- 3 |  4- 6 |  7- 9 || total
-------------------------+-------+-------+-------++-------
Melee: Unarmed           |     4 |       |       ||     4
       Quarterstaff      |     4 |    38 |    77 ||   119
       Bite              |       |       |     4 ||     4
 Cast: Pain              |    45 |    93 |   108 ||   246
       Animate Dead      |       |       |     3 ||     3
       Vampiric Draining |       |       |     3 ||     3
  Use: Scroll            |       |       |    13 ||    13
 Stab: Sleeping          |     1 |     2 |     2 ||     5
Armor: Robe              |     3 |     4 |    10 ||    17
Dodge: Dodged            |    22 |    44 |   145 ||   211
Block: Other             |       |     4 |    51 ||    55
       Reflection        |       |       |     5 ||     5

Table legend: (Time is in decaauts)
 A = Elapsed time spent in this place.
 B = Non-inter-level travel time spent in this place.
 C = Inter-level travel time spent in this place.
 D = Time resting spent in this place.
 E = Time spent auto-exploring this place.
 F = Levels seen in this place.
 G = Mean time per level.
                   A        B        C        D        E       F      G
               +--------+--------+--------+--------+--------+-----+--------+
         Total |   8973 |   8835 |    138 |   1165 |   6696 |  11 |  815.7 |
       Dungeon |   8907 |   8795 |    112 |   1165 |   6670 |  10 |  890.7 |
        Temple |     66 |     41 |     25 |      0 |     26 |   1 |   66.0 |
               +--------+--------+--------+--------+--------+-----+--------+

Top non-repeatable levels by time:
     D:1: 1595 daAuts
     D:7: 1484 daAuts
     D:3: 1453 daAuts
     D:5: 1365 daAuts
     D:6: 1164 daAuts
     D:4: 790 daAuts
     D:2: 556 daAuts
    D:12: 264 daAuts
     D:8: 146 daAuts
    D:11: 85 daAuts
  Temple: 66 daAuts
